 Dungeon Crawl Stone Soup version 0.30.1-4-g462c640d31 (webtiles) character file.

Game seed: 17620949580261585263

1691 arthad the Chopper (level 9, -3/49 HPs)
             Began as a Vine Stalker Berserker on Aug 31, 2023.
             Was a Priest of Trog.
             Slain by a gnoll
             ... wielding a +0 whip
             ... led by a gnoll sergeant
              (4 damage)
             ... on level 6 of the Dungeon.
             The game lasted 00:06:42 (3494 turns).

arthad the Chopper (Vine Stalker Berserker)         Turns: 3494, Time: 00:06:43

Health: -3/49      AC: 13    Str: 24    XL:     9   Next: 2%
Magic:  0/10       EV: 13    Int:  7    God:    Trog [***...]
Gold:   148        SH:  5    Dex: 20    Spells: 8/8 levels left

rFire   . . .        B - +2 war axe (flame)
rCold   . . .        i - +0 buckler
rNeg    . . .        y - +4 ring mail
rPois   .            C - +2 helmet
rElec   .            (no cloak)
rCorr   .            (no gloves)
SInv    .            (no boots)
Will    +++..        (no amulet)
Stlth   +            d - +6 ring of dexterity
HPRegen 2.08/turn    (no ring)
MPRegen 0.12/turn

%: guardian spirit
@: strong-willed, on berserk cooldown, regenerating, slowed, very slow
A: fangs 3, regeneration 1, magic shield, antimagic bite, no potion heal 2
a: Renounce Religion, Berserk, Trog's Hand


You were on level 6 of the Dungeon.
You worshipped Trog.
Trog was most pleased with you.
You visited 1 branch of the dungeon, and saw 6 of its levels.

You collected 187 gold pieces.
You spent 39 gold pieces at shops.

Inventory:

Hand Weapons
 a - a +0 hand axe
 u - a +0 war axe
 x - a +2 flail of protection
 B - a +2 war axe of flaming (weapon)
Missiles
 k - 12 poisoned darts (quivered)
 E - 2 javelins
Armour
 i - a +0 buckler (worn)
 o - a +0 scale mail
 p - the +0 robe of Liruecir {Will+ Archmagi}
   (You found it on level 3 of the Dungeon)

   Archmagi:  It increases the power of your magical spells.
   Will:      It increases your willpower.
 y - a +4 ring mail (worn)
 C - a +2 helmet (worn)
Jewellery
 d - a +6 ring of dexterity (left hand)
Wands
 q - a wand of iceblast (11)
Scrolls
 c - 3 scrolls of enchant weapon
 j - 2 scrolls of teleportation
 m - a scroll of fear {unknown}
 n - 2 scrolls of enchant armour
 r - a scroll of fog {unknown}
 s - a scroll of amnesia {unknown}
 v - a scroll of vulnerability {unknown}
 w - 2 scrolls of butterflies
 F - a scroll of poison {unknown}
 G - a scroll of brand weapon {unknown}
Potions
 b - a potion of curing {unknown}
 e - 2 potions of invisibility {unknown}
 f - 2 potions of mutation {unknown}
 g - 2 potions of resistance {unknown}
 h - 3 potions of might {unknown}
 l - a potion of ambrosia {unknown}
 t - 3 potions of lignification {unknown}
 z - a potion of attraction {unknown}
 A - a potion of berserk rage {unknown}
 D - a potion of heal wounds {unknown}


   Skills:
 * Level 6.3 Fighting
 * Level 6.4 Axes
 + Level 4.0 Armour
 + Level 4.0 Dodging
 + Level 1.5 Shields


You had 8 spell levels left.
You didn't know any spells.
Your spell library contained the following spells:

 Spells                   Type           Power      Damage    Failure   Level
 Summon Small Mammal      Summ           0%         N/A       65%         1
 Ensorcelled Hibernation  Hex/Ice        0%         N/A       78%         2
 Call Canine Familiar     Summ           0%         N/A       95%         3
 Spider Form              Tmut/Pois      0%         N/A       95%         3
 Summon Guardian Golem    Hex/Summ       0%         N/A       95%         3
 Anguish                  Hex/Necr       0%         N/A       100%        4


Dungeon Overview and Level Annotations

Branches:
Dungeon (6/15)             Temple (0/1) D:6

Altars:
Kikubaaqudgha
Qazlal
Vehumet
Xom
Zin

Shops:
D:6 :?


Innate Abilities, Weirdness & Mutations

You have razor-sharp teeth.
Your natural rate of healing is unusually fast.
When hurt, damage is shared between your health and your magic reserves.
Your bite disrupts and absorbs the magic of your enemies.
Potions cannot restore your health.


Message History

The acid dragon barely misses you.
You slash the acid dragon! You burn the acid dragon.
The acid dragon is heavily wounded.
You feel sick.
You are no longer poisoned.
The acid dragon bites you!
The acid dragon claws you but does no damage.
A gnoll sergeant comes into view. It is wielding a +0 trident.
The acid dragon barely misses you.
The acid dragon claws you but does no damage.
The gnoll sergeant shouts!
You slash the acid dragon! You burn the acid dragon.
Your bite misses the acid dragon.
The acid dragon is almost dead.
You hear a shout!
The acid dragon spits acid at you. The splash of acid hits you!
* * * LOW HITPOINT WARNING * * *
A gnoll comes into view. It is wielding a +0 halberd.
The acid dragon bites you but does no damage.
The acid dragon claws you but does no damage.
Your skin crawls.
You feel strong-willed. The acid dragon closely misses you.
The acid dragon claws you but does no damage.
A gnoll comes into view. It is wielding a +0 club.
The acid dragon misses you.
The acid dragon claws you but does no damage.
The gnoll hits you with a +0 whip.
* * * LOW HITPOINT WARNING * * *
You slash the acid dragon! You burn the acid dragon.
You kill the acid dragon!
Trog accepts your kill.
You hit the gnoll. You burn the gnoll.
A scorpion comes into view.
The gnoll sergeant hits you from afar with a +0 trident!
* * * LOW HITPOINT WARNING * * *
A gnoll comes into view. It is wielding a +0 flail.
The gnoll hits you with a +0 whip.
You die...

##############+#
##.......@†gg.g.s
######†.#.#†#.#g#.#.#g
#.......#.......#
#.############### #.#
#.# ###.# .##.##
.....#


You could see a gnoll sergeant, a scorpion and 4 gnolls.

Vanquished Creatures
  A hornet (D:6)
  Sigmund (D:4)
  Eustachio (D:4)
  Edmund (D:4)
  An acid dragon (D:6)
  Duvessa (D:5)
  2 ogres (D:5)
  A black bear (D:5)
  2 scorpions
  Dowan (D:5)
  A howler monkey (D:5)
  4 hounds
  Terence (D:3)
  4 iguanas
  2 orc wizards (D:5)
  Ijyb (D:3)
  Robin (D:4)
  6 adders
  A white imp (D:6)
  A worm (D:2)
  2 dart slugs
  12 orcs
  7 ball pythons
  A bat (D:1)
  4 endoplasms
  4 giant cockroaches (D:1)
  11 hobgoblins
  8 jackals
  2 quokkas
  6 frilled lizards
  14 goblins
  7 kobolds
  4 rats
116 creatures vanquished.

Notes
Turn   | Place    | Note
-------+----------+-------------------------------------------
     0 | D:1      | arthad the Vine Stalker Berserker began the quest for the
                  | Orb.
     0 | D:1      | Reached XP level 1. HP: 11/11 MP: 2/2
    99 | D:1      | Reached XP level 2. HP: 15/16 MP: 3/3
   316 | D:1      | Reached XP level 3. HP: 20/20 MP: 4/4
   562 | D:2      | Reached ** piety under Trog
   709 | D:2      | Found an ancient bone altar of Kikubaaqudgha.
  1026 | D:2      | Gained mutation: Your natural rate of healing is unusually
                  | fast. [Vine Stalker growth]
  1026 | D:2      | Reached XP level 4. HP: 11/24 MP: 3/5
  1332 | D:3      | Noticed Terence
  1342 | D:3      | Killed Terence
  1407 | D:3      | Identified the +0 robe of Liruecir {Will+ Archmagi}
  1419 | D:3      | Found a radiant altar of Vehumet.
  1553 | D:3      | Found a shimmering altar of Xom.
  1556 | D:3      | Noticed Ijyb
  1570 | D:3      | Killed Ijyb
  1571 | D:3      | Reached XP level 5. HP: 28/28 MP: 6/6
  1961 | D:3      | Found a glowing silver altar of Zin.
  2019 | D:4      | Noticed Eustachio
  2030 | D:4      | Noticed Edmund
  2036 | D:4      | Killed Eustachio
  2037 | D:4      | Reached XP level 6. HP: 23/33 MP: 2/7
  2047 | D:4      | Killed Edmund
  2104 | D:4      | Noticed Sigmund
  2112 | D:4      | Reached XP level 7. HP: 38/38 MP: 8/8
  2120 | D:4      | Killed Sigmund
  2158 | D:4      | Reached skill level 5 in Axes
  2198 | D:4      | Noticed Robin
  2209 | D:4      | Killed Robin
  2210 | D:4      | Reached skill level 5 in Fighting
  2211 | D:4      | Reached *** piety under Trog
  2515 | D:5      | Entered Level 5 of the Dungeon
  2728 | D:5      | Found a stormy altar of Qazlal.
  2956 | D:5      | Noticed Duvessa
  2956 | D:5      | Noticed Dowan
  2960 | D:5      | Killed Duvessa
  2961 | D:5      | Gained mutation: You have razor-sharp teeth. [Vine Stalker
                  | growth]
  2961 | D:5      | Reached XP level 8. HP: 42/43 MP: 7/9
  2962 | D:5      | Killed Dowan
  3380 | D:6      | Found Jarghiciutt's Magic Scroll Boutique.
  3385 | D:6      | Bought a scroll of teleportation for 39 gold pieces
  3424 | D:6      | Found a staircase to the Ecumenical Temple.
  3432 | D:6      | Found Woemun's Book Shop.
  3468 | D:6      | Reached skill level 1 in Shields
  3475 | D:6      | Noticed a hornet
  3485 | D:6      | Killed a hornet
  3486 | D:6      | Reached XP level 9. HP: 49/49 MP: 10/10
  3494 | D:6      | HP: 1/49 [gnoll sergeant/+0 trident (7)]
  3494 | D:6      | Slain by a gnoll

Illustrated notes

Levels and vault maps discovered:
D:1:      minmay_arrival_semitransparent, layout_basic
D:2:      layout_loops_ring, basic_altar, minmay_tiny_reverse_x
D:3:      layout_basic, mainiacjoe_overflow_six_doors_small,
          lemuel_crystal_altar, zin_treasury, uniq_ijyb, uniq_terence
D:4:      layout_rooms, hangedman_decor_growths, uniq_robin, uniq_eustachio,
          uniq_edmund, uniq_sigmund
D:5:      layout_loops_corners, mainiacjoe_overflow_brackets,
          chequers_serial_rivers_micro_c, uniq_duvessa
D:6:      layout_basic, minmay_temple_entry_overgrown, serial_shops,
          kennysheep_mini_moat, shop, nicolae_shop_competitors_out_of_business,
          nicolae_shop_waterfront, hangedman_minor_gate_pass

Skill      XL: |  1  2  3  4  5  6  7  8 |
---------------+-------------------------+-----
Axes           | 3 4 5 6 |  6.4
Fighting       | 3 4 5 6 |  6.3
Armour         | 2 3 4 |  4.0
Dodging        | 2 3 4 |  4.0
Shields        | 1 |  1.5

Action                     |  1- 3 |  4- 6 |  7- 9 || total
---------------------------+-------+-------+-------++-------
  Melee: Hand axe          |   101 |    68 |     8 ||   177
         Bite              |    19 |    27 |    34 ||    80
         War axe           |       |       |    86 ||    86
 Invoke: Berserk           |       |     3 |     2 ||     5
         Trog's Hand       |       |     2 |     2 ||     4
  Evoke: Wand              |       |     2 |       ||     2
    Use: Scroll            |       |       |     3 ||     3
   Stab: Sleeping          |     5 |       |       ||     5
         Distracted        |     1 |       |       ||     1
 Armour: Animal skin       |    20 |       |       ||    20
         Scale mail        |       |    34 |    31 ||    65
         Ring mail         |       |       |    20 ||    20
  Dodge: Dodged            |    72 |    59 |    79 ||   210
  Block: Buckler           |       |       |     9 ||     9
